 Dungeon Crawl Stone Soup version 0.29.1-12-g30fa7ad0bf (webtiles) character file.

Game seed: 15133407637866559486

86 nachturnus the Ruffian (level 4, -11/44 HPs)
             Began as a Troll Monk on Jan 15, 2023.
             Mangled by an ogre
             ... wielding a +0 giant spiked club
              (22 damage)
             ... on level 4 of the Dungeon on Jan 16, 2023.
             The game lasted 00:07:08 (2666 turns).

nachturnus the Ruffian (Troll Monk)                 Turns: 2666, Time: 00:07:09

Health: -11/44     AC:  6    Str: 21    XL:     4   Next: 26%
Magic:  0/3        EV:  8    Int:  6    God:
Gold:   163        SH:  6    Dex: 12    Spells: 3/3 levels left

rFire   + . .      SeeInvis .     - Unarmed
rCold   . . .      Faith    .   k - +0 kite shield
rNeg    . . .      Spirit   +   a - +0 robe
rPois   .          Reflect  .   c - +2 hat of the Bear Spirit {Spirit, *Rage Will++}
rElec   .          Harm     .   (no cloak)
rCorr   .          Rampage  .   (gloves unavailable)
Will    ++...      Rage     20% (boots unavailable)
Stlth   ++........              (no amulet)
HPRegen 0.94/turn               j - ring of protection from fire
MPRegen 0.08/turn               (no ring)

@: no status effects
A: large, unfitting armour, claws 3, regeneration 1, shaggy fur 1, tough skin 1
a: no special abilities


You were on level 4 of the Dungeon.
You visited 1 branch of the dungeon, and saw 4 of its levels.

You collected 163 gold pieces.

Inventory:

Armour
 a - a +0 robe (worn)
 c - the +2 hat of the Bear Spirit (worn) {Spirit, *Rage Will++}
   (You acquired it on level 1 of the Dungeon)

   Going berserk makes the wearer tougher, and they're slowed less afterward.
   *Rage:     It berserks you when you make melee attacks (+20% chance).
   Will:      It greatly increases your willpower.
 k - a +0 kite shield (worn)
Jewellery
 j - a ring of protection from fire (left claw)
 t - a ring of see invisible
Wands
 s - a wand of polymorph (8)
Scrolls
 e - 2 scrolls of teleportation
 i - a scroll of fog
 l - 3 scrolls of identify
Potions
 b - a potion of ambrosia
 f - a potion of curing
 m - 2 potions of haste
 p - a potion of flight


   Skills:
 - Level 2.4 Fighting
 - Level 2.4 Dodging
 - Level 1.0 Stealth
 + Level 5.1 Unarmed Combat


You had 3 spell levels left.
You didn't know any spells.
Your spell library contained the following spells:

 Spells                   Type           Power      Damage    Failure   Level
 Ensorcelled Hibernation  Hex/Ice        0%         N/A       90%         2
 Passwall                 Tmut/Erth      0%         N/A       90%         2
 Dazzling Flash           Conj/Hex       0%         N/A       99%         3
 Swiftness                Air            0%         N/A       99%         3
 Iskenderun's Mystic Bla  Conj/Tloc      0%         2d3       100%        4
 Starburst                Conj/Fire      0%         6d3       100%        6


Dungeon Overview and Level Annotations

Branches:
Dungeon (4/15)
 Temple: D:4-7

Altars:


Innate Abilities, Weirdness & Mutations

You are too large for most types of armour.
You have claws for hands.
Your natural rate of healing is unusually fast.
You are covered in fur. (AC +1)
You have tough skin. (AC +1)


Message History

Found a stone staircase leading down.
Found a leather armour.
Found a stone staircase leading up.
e - 2 scrolls of teleportation (gained 1)
There is a stone staircase leading up here.
A ball python comes into view.
A ball python is nearby!
The ball python hisses angrily.
A red film seems to cover your vision as you go berserk!
You feel yourself moving faster!
You feel mighty!
You mangle the ball python!!
You kill the ball python!
No target in view!
You start waiting.
You feel a strong urge to attack something.
You start waiting.
You feel your anger nearly subside.
You are no longer berserk.
You are exhausted.
You feel yourself slow down.
You start waiting.
You feel yourself speed up.
You start waiting.
You recover from your berserk rage.
An ogre comes into view. It is wielding a +0 giant spiked club.
You scratch the ogre.
The ogre is lightly wounded.
The ogre hits you with a +0 giant spiked club!!
You barely miss the ogre.
The ogre is lightly wounded.
The ogre completely misses you.
You barely miss the ogre.
The ogre is lightly wounded.
You scratch the ogre.
The ogre is lightly wounded.
The ogre hits you with a +0 giant spiked club!
* * * LOW HITPOINT WARNING * * *
You claw the ogre!
The ogre is severely wounded.
The ogre hits you with a +0 giant spiked club!!
Ouch! That really hurt!
You die...

.......##.# #
....#...#.#####.# ..≈.
....#...#.#.....# ..≈ #
............<...# ... ..
..........#.##### .. ≈.#
..........#.### #.#.≈
###.#..##.....# ... # #
#.#..##.....#####.##.≈..
###.............@O.....≈≈≈
....##........#######$....
###....##..##....# ##. #
#..#.##..##....# #
##.............# #
######.##....#### #
#..........# ###
####.##....##.# #..
..##.##.......####


You could see an ogre.

Vanquished Creatures
  3 gnolls (D:3)
  An adder (D:2)
  2 dart slugs
  An orc (D:3)
  4 bats
  6 endoplasms
  A giant cockroach (D:3)
  3 goblins
  4 hobgoblins
  A quokka (D:1)
  6 ball pythons
  4 frilled lizards
  3 kobolds
  4 rats (D:1)
43 creatures vanquished.

Notes
Turn   | Place    | Note
-------+----------+-------------------------------------------
     0 | D:1      | nachturnus the Troll Monk began the quest for the Orb.
     0 | D:1      | Reached XP level 1. HP: 22/22 MP: 0/0
   208 | D:1      | Reached XP level 2. HP: 24/29 MP: 1/1
   702 | D:1      | Identified a scroll of acquirement
   702 | D:1      | Acquired the +2 hat of the Bear Spirit {Spirit, *Rage
                  | Will++}
   702 | D:1      | Found the +2 hat of the Bear Spirit {Spirit, *Rage Will++}
   802 | D:2      | Reached skill level 4 in Unarmed Combat
  1077 | D:2      | Reached XP level 3. HP: 36/36 MP: 2/2
  1589 | D:3      | Reached skill level 5 in Unarmed Combat
  1589 | D:3      | Reached XP level 4. HP: 44/44 MP: 1/3
  2654 | D:4      | Noticed an ogre
  2666 | D:4      | Mangled by an ogre

Illustrated notes

Levels and vault maps discovered:
D:1:      matt_arrival_refuge, layout_loops_ring
D:2:      layout_rooms
D:3:      layout_loops_ring, nicolae_concentric_dashed_squares_wild
D:4:      layout_basic, mainiacjoe_overflow_brackets

Skill      XL: |  1  2  3 |
---------------+----------+-----
Unarmed Combat | 4 5 |  5.1
Fighting       | |  2.4
Dodging        | |  2.4
Stealth        | |  1.0

Action                   |  1- 3 |  4- 6 || total
-------------------------+-------+-------++-------
Melee: Unarmed           |    73 |    24 ||    97
       Punch             |     2 |       ||     2
  Use: Scroll            |     1 |    12 ||    13
Armor: Robe              |    17 |    12 ||    29
Dodge: Dodged            |    22 |     9 ||    31
Block: Kite shield       |    14 |     5 ||    19
